Map: Catalyst LE

Players

Caker

  • Race: Zerg Zerg
  • League: Master
  • Spawn Location: 5:00

Ascarecrow - Winner!

  • Race: Zerg Zerg
  • League: Master
  • Spawn Location: 11:00

VOD

Have the link to the VOD?

Description

Time

  • Played on: Jan. 26, 2018, 8:05 a.m.
  • Length: 7:34
Show
View Real Time Build Order
Export as new Build Order

Caker Zerg 

Build Orders: Hatch First 

Get SALT Encoding   

  12  0:01  Drone  
  13  0:08  Drone  
  14  0:17  Overlord  
  14  0:22  Extractor  
  14  0:24  Drone  
  15  0:35  Drone x2  
  17  0:54  Hatchery  
  17  0:56  Drone  
  17  0:59  Drone  
  18  1:09  Extractor  
  18  1:14  Spawning Pool  
  18  1:17  Drone  
  17  1:27  Drone  
  18  2:02  Zergling x4  
  20  2:12  Queen x2  
  20  2:13  Zergling x4  
  21  2:26  Drone  
  18  2:39  Zergling x2  
  18  3:03  Drone  
  15  3:08  Drone  
  15  3:12  Drone  
  17  3:18  Drone  
  18  3:23  Drone  
  19  3:28  Drone  
  19  3:34  Overlord  
  20  3:53  Drone x3  
  20  3:54  Drone x3  
  26  4:03  Queen  
  28  4:13  Overlord  
  28  4:21  Overlord  
  28  4:32  Drone x4  
  28  4:37  Queen, Drone  
  35  4:47  Roach Warren  
  35  4:52  Drone x3  
  37  5:12  Overlord, Drone  
  37  5:13  Drone x2  
  40  5:19  Lair  
  40  5:31  Hatchery  
  40  5:32  Evolution Chamber  
  38  5:37  Roach x2  
  38  5:38  Roach x2  
  46  5:42  Overlord  
  46  5:49  Extractor  
  45  5:50  Extractor  
  44  5:57  Overlord  
  44  6:06  Drone x4  
  44  6:09  Drone  
  49  6:17  Drone x2  
  49  6:18  Drone x4  
  55  6:20  Overseer  
  55  6:29  Overlord, Extractor  
  55  6:31  Overlord  
  54  6:43  Roach  
  54  6:44  Roach x2  
  60  7:02  Roach  
  60  7:03  Roach x6  
  74  7:12  Roach x3  
Show
View Real Time Build Order
Export as new Build Order

Ascarecrow Zerg - Winner!

Build Orders: Pool First 

Get SALT Encoding   

  12  0:19  Spawning Pool  
  11  0:22  Drone  
  11  0:27  Drone  
  13  0:31  Drone  
  14  0:41  Overlord  
  14  1:06  Zergling x2  
  14  1:07  Zergling x4  
  17  1:18  Zergling x2  
  18  1:23  Hatchery  
  17  1:31  Zergling x2  
  18  1:37  Queen  
  20  1:42  Zergling x2  
  21  1:53  Overlord  
  21  2:01  Drone  
  21  2:17  Queen  
  21  2:20  Drone  
  24  2:25  Drone  
  24  2:39  Drone x2  
  24  2:41  Queen  
  28  2:49  Drone  
  29  2:53  Queen  
  29  3:09  Drone x3  
  29  3:10  Drone x3  
  33  3:20  Spine Crawler  
  33  3:21  Queen  
  34  3:27  Overlord  
  34  3:34  Drone  
  35  3:48  Drone  
  36  3:49  Drone x6  
  42  3:57  Extractor  
  42  3:59  Extractor  
  42  4:00  Drone x4  
  42  4:02  Overlord  
  44  4:17  Overlord  
  44  4:21  Drone x4  
  48  4:26  Extractor  
  48  4:31  Drone x2  
  48  4:38  Extractor  
  48  4:40  Drone x3  
  51  4:47  Lair  
  51  4:48  Roach Warren  
  51  4:51  Evolution Chamber  
  49  4:55  Drone x2  
  51  5:01  Drone x4, Hatchery  
  54  5:09  Overlord x2  
  54  5:18  Zerg Missile Weapons Level 1  
  54  5:28  Overlord  
  54  5:29  Overlord  
  54  5:34  Drone x5  
  59  5:46  Overlord  
  59  5:47  Overlord x2  
  59  5:48  Overlord  
  59  5:54  Roach x5  
  69  5:58  Glial Reconstitution  
  69  6:00  Overseer  
  69  6:07  Roach x2  
  73  6:14  Roach  
  73  6:15  Roach  
  77  6:23  Roach  
  77  6:24  Roach x5  
  89  6:36  Roach x3  
  89  6:37  Roach  
  97  6:47  Overlord  
  97  6:48  Overlord  
  97  6:49  Roach x3  
  103  6:58  Roach x3  
  103  6:59  Roach x3  
  115  7:11  Roach x4  
  115  7:12  Roach x2  
Tags
 
Add a new tag
Caveats
  • Supply blocks, unpowered buildings, or Contaminate may cause inaccurate times.
  • Supply counts are checked every 10 seconds.